 Dungeon Crawl Stone Soup version 0.29-a0-885-gb26ba3297d (webtiles) character file.

Game seed: 2331109309359649835

746 Nato the Conjurer (level 7, -5/41 HPs)
             Began as an Octopode Conjurer on July 20, 2022.
             Slain by a gnoll
             ... wielding a +4 flail
              (12 damage)
             ... on level 4 of the Dungeon.
             The game lasted 00:18:56 (6857 turns).

Nato the Conjurer (Octopode Conjurer)               Turns: 6857, Time: 00:18:57

Health: -5/41      AC:  1    Str:  7    XL:     7   Next: 77%
Magic:  2/14       EV: 13    Int: 22    God:
Gold:   274        SH:  0    Dex: 16    Spells: 15/16 levels left

rFire   . . .      SeeInvis .   o - +1 sling (freeze)
rCold   . . .      Faith    .   (no shield)
rNeg    . . .      Spirit   .   (helmet restricted)
rPois   .          Reflect  .   (no amulet)
rElec   .          Harm     .   m - +6 ring of dexterity
rCorr   .          Rampage  .   (no ring)
Will    .....                   (no ring)
Stlth   +++.......              (no ring)
HPRegen 0.13/turn               (no ring)
MPRegen 0.14/turn               (no ring)
                                (no ring)
                                (no ring)

@: no status effects
A: almost no armour, amphibious, 8 rings, camouflage 1, gelatinous body 1,
(nimble swimmer 1), tentacles
a: no special abilities


You were on level 4 of the Dungeon.
You visited 1 branch of the dungeon, and saw 6 of its levels.

You collected 274 gold pieces.

Inventory:

Hand Weapons
 f - a +2 dagger of venom
 o - a +1 sling of freezing (weapon)
Missiles
 g - 14 poisoned darts
Jewellery
 m - a +6 ring of dexterity (left tentacle)
Scrolls
 i - 3 scrolls of noise
 k - a scroll of poison
 l - 2 scrolls of fog {unknown}
 n - a scroll of amnesia {unknown}
 r - 2 scrolls of identify
Potions
 a - a potion of magic
 b - 2 potions of attraction {unknown}
 c - a potion of berserk rage {unknown}
 d - a potion of curing {unknown}
 e - 2 potions of might {unknown}
 h - 2 potions of degeneration {unknown}
 j - a potion of invisibility {unknown}
 p - 2 potions of heal wounds {unknown}
 q - a potion of haste {unknown}


   Skills:
 - Level 2.0 Dodging
 - Level 2.6 Stealth
 - Level 5.0 Spellcasting
 + Level 7.8 Conjurations


You had 15 spell levels left.
You knew the following spells:

 Your Spells              Type           Power      Damage    Failure   Level
a - Magic Dart            Conj           100%       1d8       1%          1

Your spell library contained the following spells:

 Spells                   Type           Power      Damage    Failure   Level
 Searing Ray              Conj           78%        2d7       1%          2
 Dazzling Flash           Conj/Hex       44%        N/A       6%          3
 Fulminant Prism          Conj/Hex       11%        3d9       21%         4
 Iskenderun's Mystic Bla  Conj/Tloc      22%        2d6       21%         4


Dungeon Overview and Level Annotations

Branches:
Dungeon (6/15)
 Temple: D:4-7

Altars:
Okawaru
Sif Muna
Zin

Shops:
D:4 =(

Annotations:
D:4 Grinder


Innate Abilities, Weirdness & Mutations

You cannot wear most types of armour.
You are amphibious.
You can wear up to eight rings at the same time.
Your skin changes colour to match your surroundings (Stealth+).
Your rubbery body absorbs attacks. (AC +1, EV +1)
((You are camouflaged when in or above water. (Stealth+)))
You have tentacles for arms and can constrict up to eight enemies at once.


Message History

The magic dart hits the gnoll.
The gnoll is severely wounded.
The gnoll closely misses you.
Casting: Magic Dart (safe; 1% risk of failure)
Confirm with . or Enter, or press ? or * to list all spells.
Aiming: Magic Dart (safe; 1% risk of failure)
Press: ? - help, Shift-Dir - straight line, f/p - gnoll
Aim: a gnoll, wielding a +0 halberd (severely wounded, 100% to hit)
The magic dart hits the gnoll.
The gnoll is heavily wounded.
The gnoll hits you with a +4 flail! The gnoll closely misses you.
Casting: Magic Dart (safe; 1% risk of failure)
Confirm with . or Enter, or press ? or * to list all spells.
Aiming: Magic Dart (safe; 1% risk of failure)
Press: ? - help, Shift-Dir - straight line, f/p - gnoll
Aim: a gnoll, wielding a +0 halberd (severely wounded, 100% to hit)
The magic dart hits the gnoll.
The gnoll is severely wounded.
The gnoll hits you with a +4 flail!
The gnoll hits you from afar with a +0 halberd!
* * * LOW HITPOINT WARNING * * *
Casting: Magic Dart (safe; 1% risk of failure)
Confirm with . or Enter, or press ? or * to list all spells.
Aiming: Magic Dart (safe; 1% risk of failure)
Press: ? - help, Shift-Dir - straight line, f/p - gnoll
Aim: a gnoll, wielding a +0 halberd (severely wounded, 100% to hit)
The magic dart hits the gnoll.
The gnoll is severely wounded.
The gnoll barely misses you.
The gnoll hits you from afar with a +0 halberd.
* * * LOW HITPOINT WARNING * * *
Casting: Magic Dart (safe; 1% risk of failure)
Confirm with . or Enter, or press ? or * to list all spells.
Aiming: Magic Dart (safe; 1% risk of failure)
Press: ? - help, Shift-Dir - straight line, f/p - gnoll
Aim: a gnoll, wielding a +0 halberd (severely wounded, 100% to hit)
The magic dart hits the gnoll but does no damage.
The gnoll is severely wounded.
The gnoll hits you with a +4 flail!
You die...

.# #..........# ... #........##
.# #.####.##### #.# #........##
.# #.# #.# #g###........## ##
#.# #.# #)...........## #.# #.#
##..#...#.###### #.####.######
#....#.#.......# #.#.........#
#.....∩...####.#
#........##.###....#.#..# #.#
###.##.......@gg..#...#.# #.#
#.##.#.##.####........####.#
#.##.#.##.# #..............
#.##.#.##.# #.#####..######
#.##......# #.# #..######
#####.#....##.####.#####..#.....
#.........................#.....
#####.#.†..........#####.## .##
###.#...####.........#.# .. #


You could see 2 gnolls.

Vanquished Creatures
  A black bear (D:5)
  4 scorpions
  A necrophage (D:5)
  A jelly (D:5)
  A howler monkey (D:5)
  A hound (D:4)
  An orc priest (D:3)
  An iguana (D:5)
  5 gnolls
  2 adders
  3 worms
  2 dart slugs (D:1)
  7 orcs
  5 bats
  5 endoplasms
  6 giant cockroaches
  8 hobgoblins
  10 jackals
  2 quokkas
  6 ball pythons
  3 frilled lizards
  8 goblins
  2 kobolds
  2 rats
87 creatures vanquished.

Notes
Turn   | Place    | Note
-------+----------+-------------------------------------------
     0 | D:1      | Nato the Octopode Conjurer began the quest for the Orb.
     0 | D:1      | Reached XP level 1. HP: 11/11 MP: 3/3
   156 | D:1      | Reached XP level 2. HP: 17/17 MP: 0/5
   600 | D:1      | Reached XP level 3. HP: 21/21 MP: 4/7
  1213 | D:2      | Reached XP level 4. HP: 27/27 MP: 5/9
  1427 | D:2      | Found a faded altar of an unknown god.
  2227 | D:3      | Found an iron altar of Okawaru.
  2310 | D:3      | Reached XP level 5. HP: 31/31 MP: 3/11
  2869 | D:4      | Noticed a water moccasin
  2907 | D:4      | Found Merex's Antique Weapon Shoppe.
  2968 | D:4      | Found a shimmering blue altar of Sif Muna.
  2969 | D:4      | Found a glowing silver altar of Zin.
  3115 | D:4      | Found Exasir's Jewellery Shop.
  3229 | D:4      | Noticed a phantom
  3317 | D:4      | Reached skill level 5 in Spellcasting
  3608 | D:4      | Noticed Grinder
  3634 | D:5      | Entered Level 5 of the Dungeon
  3658 | D:5      | Reached skill level 5 in Conjurations
  3658 | D:5      | Reached XP level 6. HP: 32/36 MP: 9/13
  3804 | D:5      | Noticed a black bear
  4512 | D:5      | Reached skill level 6 in Conjurations
  4602 | D:5      | Reached XP level 7. HP: 20/41 MP: 9/14
  5211 | D:5      | Reached skill level 7 in Conjurations
  5380 | D:5      | HP: 2/41 [acid (10)]
  6857 | D:4      | Slain by a gnoll

Illustrated notes

Levels and vault maps discovered:
D:1:      dpeg_arrival_line_fractal, layout_rooms, minmay_surrounded
D:2:      layout_rooms, hellmonk_ecumenical_altar_inner_sanctum,
          kennysheep_nondescript
D:3:      layout_loops_cross, okawaru_trees_2
D:4:      layout_basic, gammafunk_temple_overflow_statue, serial_shops,
          nicolae_diamond_shop, shop, nicolae_shop_advertising_works
          [nicolae_subvault_shop_adworks], shop, minmay_statues_item,
          uniq_sigmund, uniq_grinder
D:5:      layout_gridville, cheibrodos_sewer_entry_bend
D:6:      layout_basic, vehumet_altar_wand_db, minmay_temple_entry_mini_moons

Skill      XL: |  1  2  3  4  5  6  7 |
---------------+----------------------+-----
Spellcasting   | 3 4 5 |  5.0
Conjurations   | 5 6 7 |  7.8
Dodging        | |  2.0
Stealth        | |  2.6

Action                   |  1- 3 |  4- 6 |  7- 9 || total
-------------------------+-------+-------+-------++-------
Melee: Dagger            |    12 |    16 |    10 ||    38
       Constrict         |     5 |     7 |     2 ||    14
       Unarmed           |     2 |       |       ||     2
       Tentacles         |     4 |     5 |     5 ||    14
       Punch             |       |     1 |       ||     1
 Fire: Sling             |       |       |     2 ||     2
 Cast: Magic Dart        |    70 |   104 |    55 ||   229
  Use: Scroll            |       |     4 |       ||     4
Armor: Skin              |     3 |     2 |     1 ||     6
Dodge: Dodged            |     9 |    41 |    10 ||    60

Table legend: (Time is in decaauts)
 A = Elapsed time spent in this place.
 B = Non-inter-level travel time spent in this place.
 C = Inter-level travel time spent in this place.
 D = Time resting spent in this place.
 E = Time spent auto-exploring this place.
 F = Levels seen in this place.
 G = Mean time per level.
                   A        B        C        D        E       F      G
               +--------+--------+--------+--------+--------+-----+--------+
         Total |   6862 |   5489 |   1373 |   2410 |   2283 |   6 | 1143.7 |
       Dungeon |   6862 |   5489 |   1373 |   2410 |   2283 |   6 | 1143.7 |
               +--------+--------+--------+--------+--------+-----+--------+

Top non-repeatable levels by time:
     D:5: 2592 daAuts
     D:4: 1449 daAuts
     D:1: 1115 daAuts
     D:3: 910 daAuts
     D:2: 788 daAuts
     D:6: 7 daAuts
